 Dungeon Crawl Stone Soup version 0.23.0-3-gf3c87f2 (webtiles) character file.

Game seed: 6250935333295293422

14616 Monsterracer the Basher (level 12, 0/76 HPs)
             Began as a Tengu Wanderer on Feb 21, 2019.
             Was an Elder of Okawaru.
             Killed from afar by a deep elf mage (23 damage)
             ... with a shard of ice
             ... on level 12 of the Dungeon.
             The game lasted 00:27:21 (23994 turns).

Monsterracer the Basher (Tengu Wanderer)           Turns: 23994, Time: 00:27:21

Health: 0/76       AC: 17    Str: 14    XL:     12   Next: 18%
Magic:  16/16      EV: 18    Int: 14    God:    Okawaru [****..]
Gold:   434        SH:  7    Dex: 16    Spells: 12/12 levels left

rFire    + . .     SeeInvis .   b - +4 flail (protect)
rCold    . . .     Gourm    .   C - +0 shield
rNeg     . . .     Faith    +   I - +0 acid dragon scales
rPois    .         Spirit   .   D - +2 hat
rElec    .         Reflect  .   (no cloak)
rCorr    +         Harm     .   y - +1 pair of gloves
MR       +....                  (boots unavailable)
Stlth    ++........             G - amulet of faith
HPRegen  0.22/turn              F - ring of protection from fire
MPRegen  0.15/turn              M - ring of protection from magic

@: protection aura, flying quickly and evasively, quick
A: beak, talons 3, no potion heal 1, hated by all, no conjurations magic, no ice
magic, no necromancy magic, unskilled 1, inexperienced 1, able to fly
a: Stop Flying, Heroism, Renounce Religion


You were on level 12 of the Dungeon.
You worshipped Okawaru.
Okawaru was greatly pleased with you.
You were hungry.

You visited 3 branches of the dungeon, and saw 16 of its levels.

You collected 1018 gold pieces.
You spent 584 gold pieces at shops.

Inventory:

Hand Weapons
 b - a +4 flail of protection (weapon)
   (You took it off an orc on level 3 of the Dungeon)
Missiles
 w - 2 throwing nets (quivered) {!f}
Armour
 y - a +1 pair of gloves (worn)
   (You found it on level 6 of the Dungeon)
 C - a +0 shield (worn)
   (You found it on level 1 of the Lair of Beasts)
 D - a +2 hat (worn)
   (You found it on level 10 of the Dungeon)
 I - +0 acid dragon scales (worn)
   (You found it on level 11 of the Dungeon)
Jewellery
 F - a ring of protection from fire (left hand)
   (You found it on level 8 of the Dungeon)
 G - an amulet of faith (around neck)
   (You found it on level 3 of the Lair of Beasts)
 M - a ring of protection from magic (right hand)
   (You bought it in a shop on level 9 of the Dungeon)
 S - an uncursed ring of see invisible
   (You found it on level 11 of the Dungeon)
Wands
 a - a wand of acid (5)
   (You found it on level 3 of the Lair of Beasts)
 l - a wand of scattershot (5)
   (You found it on level 9 of the Dungeon)
 p - a wand of disintegration (10)
   (You found it on level 7 of the Dungeon)
 q - a wand of iceblast (14)
   (You found it on level 6 of the Dungeon)
 u - a wand of paralysis (11)
   (You found it on level 7 of the Dungeon)
 B - a wand of flame (63)
   (You took it off an orc on level 10 of the Dungeon)
 E - a wand of digging (11)
   (You took it off an orc on level 9 of the Dungeon)
Scrolls
 f - 2 scrolls of identify
 k - 5 scrolls of fog
 m - 4 scrolls of magic mapping
 o - 4 scrolls of amnesia
 r - a scroll of remove curse
 t - 4 scrolls of teleportation {!r}
 x - a scroll of fear {!r}
 X - 3 scrolls of blinking
Potions
 d - 2 potions of heal wounds
 e - 3 potions of curing
 g - 2 potions of agility
 h - 3 potions of haste
 i - 2 potions of resistance
 j - 2 potions of might
 n - 2 potions of berserk rage {!q}
 v - a potion of mutation {!q}
 z - 4 potions of brilliance
 A - 2 potions of ambrosia {!q}
Comestibles
 c - 23 rations


   Skills:
 - Level 9.6 Fighting
   Level 8.9(12.4) Axes
 - Level 13.0(14.0) Maces & Flails
   Level 4.9(7.5) Polearms
 - Level 10.0 Dodging
 - Level 1.7 Stealth
 - Level 0.8 Shields
 - Level 0.8 Spellcasting
   Level 1.1 Summonings
   Level 1.2 Air Magic
 + Level 5.2 Invocations
 + Level 2.2 Evocations


You had 12 spell levels left.
You didn't know any spells.
Your spell library contained the following spells:

 Spells                   Type           Power        Failure   Level  Hunger
 Apportation              Tloc           #.....       94%         1    ##.....
 Beastly Appendage        Tmut           #.....       94%         1    ##.....
 Confusing Touch          Hex            #.....       94%         1    ##.....
 Blink                    Tloc           N/A          98%         2    ###....
 Slow                     Hex            #.......     98%         2    ###....
 Spider Form              Tmut/Pois      #.........   100%        3    ####...
 Blade Hands              Tmut           #.........   100%        5    ######.
 Summon Small Mammal      Summ           Unusable     N/A         1    N/A
 Call Imp                 Summ           Unusable     N/A         2    N/A
 Animate Skeleton         Necr           Unusable     N/A         1    N/A
 Magic Dart               Conj           Unusable     N/A         1    N/A
 Searing Ray              Conj           Unusable     N/A         2    N/A
 Sticks to Snakes         Tmut           Unusable     N/A         2    N/A
 Mephitic Cloud           Conj/Pois/Air  Unusable     N/A         3    N/A
 Conjure Flame            Conj/Fire      Unusable     N/A         3    N/A
 Dazzling Spray           Conj/Hex       Unusable     N/A         3    N/A
 Regeneration             Chrm/Necr      Unusable     N/A         3    N/A
 Force Lance              Conj/Tloc      Unusable     N/A         4    N/A
 Fulminant Prism          Conj/Hex       Unusable     N/A         4    N/A
 Ice Form                 Ice/Tmut       Unusable     N/A         4    N/A
 Iskenderun's Mystic Bla  Conj           Unusable     N/A         4    N/A

Dungeon Overview and Level Annotations

Branches:
Dungeon (12/15)            Temple (1/1) D:4            Lair (3/6) D:10
 Shoals (0/4) Lair:3          Orc (0/2) D:9
  Snake: Lair:2-4    Spider: Lair:2-4

Altars:
Ashenzari
Cheibriados
Dithmenos
Elyvilon
Fedhas
Gozag
Hepliaklqana
Kikubaaqudgha
Makhleb
Nemelex Xobeh
Okawaru
Qazlal
Ru
Sif Muna
Trog
Uskayaw
Vehumet
Wu Jian
Xom
Yredelemnul
Zin
The Shining One
Beogh

Shops:
D:9 }*=

Annotations:
Lair:1 2 transporters, Rhok's ghost, journeyman MiAs
Lair:3 Snorg


Innate Abilities, Weirdness & Mutations

You have a beak for a mouth.
You have claws for feet.
Potions are less effective at restoring your health.
You are hated by all.
You cannot study or cast Conjurations magic.
You cannot study or cast Ice magic.
You cannot study or cast Necromancy magic.
You are somewhat unskilled. (-1 Apt)
You are somewhat inexperienced. (-2 XL)
You can fly continuously.


Message History

Key pressed, stopping explore.
Key pressed, stopping explore.
HP restored.
All of the chunks of flesh in your inventory have rotted away.
Things that are here:
a +0 battleaxe; a +0 chain mail; Health restored: 76; MP restored: 16
l - a scroll labeled UFED ZOUPRYOR You see here a robe.
Found a stone staircase leading down.
As you read the scroll of identify, it crumbles to dust.
l - a scroll of summoning;
s - a scroll of summoning
l - a wand of scattershot (5)
A centaur zombie comes into view.
Drop what? 37/52 slots (_ for help) (? for menu, Esc to quit)
You drop a scroll of summoning {!r}.
Something closely misses you. Something closely misses you.
You hit the centaur zombie.
Your weapon exudes an aura of protection.
The centaur zombie is lightly damaged.
Something hits you but does no damage.
Deactivating autopickup; reactivate with Ctrl-A.
You block the centaur zombie's attack.
You thump the centaur zombie! You claw the centaur zombie.
The centaur zombie is heavily damaged.
Something hits you. The centaur zombie misses you.
You take 2 damage, and have 74/76 hp.
You thump the centaur zombie! You claw the centaur zombie.
The centaur zombie is almost destroyed.
You block something's attack. The centaur zombie misses you.
You sock the centaur zombie!
You destroy the centaur zombie!
Okawaru accepts your kill. Something hits you but does no damage.
Something hits you but does no damage. x2
Something closely misses you. Something hits you.
You see here a scroll of summoning {!r}.
You take 4 damage, and have 71/76 hp.
Something hits you but does no damage. Something hits you.
You see here a robe.
Something hits you but does no damage. Something hits you but does no damage.
Something hits you.
You take 3 damage, and have 68/76 hp.
Something closely misses you. Something hits you.
You take 3 damage, and have 65/76 hp.
You sock something!
Your weapon exudes an aura of protection.
You claw something. Your peck misses something.
Something hits you but does no damage.
You swing at nothing.
Something hits you but does no damage.
You sock something! Something hits you but does no damage.
You swing at nothing.
Something barely misses you.
You sock something! Your kick misses something. You peck something.
Okawaru accepts your kill.
Reactivating autopickup.
You feel a bit more experienced.
You swing at nothing.
You are feeling hungry.
You swing at nothing.
You swing at nothing.
You swing at nothing.
You swing at nothing.
Found an escape hatch in the floor.
Health restored: 76
Found a flail.
Found a box of beasts.
Found a hunting sling.
You see here a box of beasts.
You see here a flail.
A deep elf mage comes into view. It is wielding a +0 short sword.
The deep elf mage shouts!
The deep elf mage gestures at you while chanting.
The shard of ice hits you!!
You take 21 damage, and have 55/76 hp.
MASSIVE DAMAGE!!
A deep elf mage is nearby!
The deep elf mage hits you but does no damage.
You closely miss the deep elf mage.
The deep elf mage gestures at you while chanting.
The bolt of cold hits you!!
* * * LOW HITPOINT WARNING * * *
You take 33 damage, and have 23/76 hp.
MASSIVE DAMAGE!!
You hit the deep elf mage.
Your weapon exudes an aura of protection.
The deep elf mage is lightly wounded.
You closely miss the deep elf mage. Your kick misses the deep elf mage.
You peck the deep elf mage.
The deep elf mage is lightly wounded.
The deep elf mage gestures wildly while chanting.
You hit the deep elf mage. Your peck misses the deep elf mage.
The deep elf mage is moderately wounded.
The deep elf mage completely misses you.
You hit the deep elf mage. You claw the deep elf mage.
You peck the deep elf mage.
The deep elf mage is moderately wounded.
The ice beast hits you but does no damage.
The deep elf mage casts a spell at you. The shard of ice hits you!!
You die...

.## #.# #.##....#.##
## #.###
##.......#..#### ###
#...#
#....###.........
..#####.### #.####
#........< ......#...#
##.# #>........
...##...).# #..
#.........
##.....#..### #.#
#######.##
#####.##>..####Y## #.#
#..^.#.....@.# #.#
######......)..#e.#
#.#
##......#..#######....
... ...######..##
##### ... [###
#...###### ... ..#
##.}.....#
#?########.......#
#................#
##........########


You could see a deep elf mage and an ice beast.

Vanquished Creatures
  Erolcha (D:9)
  A death knight (D:12)
  3 two-headed ogres (D:9 D:11 D:12)
  Erica (D:9)
  Urug (D:9)
  3 unseen horrors (D:10 D:11 D:12)
  A deep elf mage (D:10)
  2 manticores (D:9 D:11)
  A cyclops (shapeshifter) (D:9)
  3 cyclopes (D:9 D:11 D:12)
  A spiny frog (Lair:1)
  A rime drake (Lair:1)
  6 komodo dragons (Lair:1 Lair:3)
  4 trolls (D:9 D:11)
  4 blink frogs (Lair:2)
  3 hippogriffs (D:9 Lair:1 D:12)
  2 wyverns (D:4 D:9)
  A human (D:9)
  2 hogs (D:9)
  57 yaks (D:9 D:10 Lair:1 Lair:2 Lair:3)
  2 hungry ghosts (D:4 D:9)
  An acid dragon (D:11)
  Menkaure (D:7)
  6 water moccasins (Lair:1 Lair:2 Lair:3)
  4 porcupines (D:10 Lair:1 Lair:3)
  A swamp drake (D:10)
  6 orc warriors (D:6 D:9 D:8)
  7 sky beasts (D:5 D:6 D:8 D:9 D:10)
  2 ice beasts (D:5)
  2 black bears (D:8 D:11)
  6 ogres (D:4 D:8 D:9 D:11 D:12)
  2 eyes of draining (D:9 D:12)
  2 necrophages (D:7 D:9)
  16 wolves (D:10 Lair:1 Lair:2)
  5 centaurs (D:9 D:11)
  8 crocodiles (D:10 Lair:1 Lair:2 Lair:3)
  6 bullfrogs (D:7 D:6 D:9 Lair:2 Lair:3)
  2 big kobolds (D:10 D:11)
  4 scorpions (D:10 Lair:3 D:12)
  10 killer bees (D:5 D:10 D:9 D:11)
  3 wights (D:11 D:12)
  3 howler monkeys (D:4 D:5 D:10)
  6 crimson imps (D:6 D:8 D:9 D:10)
  A quasit (D:10)
  4 hounds (D:9 D:11 D:12)
  4 jellies (D:8 D:9 D:10)
  2 centaur zombies (D:8 D:12)
  5 orc priests (D:6 D:9 D:11)
  A bullfrog skeleton (D:12)
  4 centaur skeletons (D:6 D:9 D:10)
  An iron imp (D:10)
  13 orc wizards (D:2 D:4 D:5 D:6 D:9)
  8 iguanas (D:4 D:6 D:8 D:9 D:10)
  Natasha (thrice) (D:2)
  11 worker ants (D:6 D:7 D:10 Lair:2 Lair:3)
  A hound zombie (D:9)
  Robin (D:3)
  2 worker ant zombies (D:11)
  11 adders (D:2 D:3 D:5 D:6 D:8)
  8 gnolls (D:4 D:10)
  A river rat (D:6)
  4 shadow imps (D:6 D:9 D:10)
  A white imp (D:10)
  3 oozes (D:1 D:4 D:5)
  2 adder skeletons (D:5 D:10)
  2 adder zombies (D:9)
  3 worms (D:2 D:3)
  2 dart slugs (D:1 D:3)
  4 leopard geckos (D:1 D:3 D:7 D:6)
  50 orcs (D:2 D:3 D:4 D:5 D:6)
  6 giant cockroaches (D:2 D:3 D:4 D:6 Lair:3)
  20 goblins (D:1 D:2 D:3)
  6 hobgoblins (D:1 D:3)
  14 jackals (D:1 D:2 D:4 D:8)
  14 kobolds (D:1 D:2 D:3 D:10 D:11)
  3 quokkas (D:6 D:9)
  A ball python (D:3)
  A ball python zombie (D:5)
  5 bats (D:1 D:2 D:3)
  5 frilled lizards (D:1 D:3 D:5)
  A jackal skeleton (D:5)
  8 rats (D:1 D:2 D:3 D:6)
  A fungus (D:10)
440 creatures vanquished.

Vanquished Creatures (others)
  A two-headed ogre (D:7)
  A deep elf mage (D:10)
  A water moccasin (Lair:1)
  A sky beast (D:9)
  2 fungi (D:10 Lair:3)
  A plant (Lair:3)
7 creatures vanquished.

Grand Total: 447 creatures vanquished

Notes
Turn   | Place    | Note
-------+----------+-------------------------------------------
     0 | D:1      | Monsterracer the Tengu Wanderer began the quest for the
                  | Orb.
     0 | D:1      | Monsterracer set off with the following items: a +2 leather
                  | armour, a +0 spear, a ration, a +0 dagger, a potion of
                  | curing
     0 | D:1      | Reached XP level 1. HP: 12/12 MP: 3/3
    87 | D:1      | HP: 5/12 [dart slug/slug dart (6)]
   410 | D:1      | Reached XP level 2. HP: 16/16 MP: 4/4
   478 | D:1      | Found a glowing golden altar of the Shining One.
   705 | D:1      | Reached XP level 3. HP: 19/21 MP: 5/5
  1340 | D:2      | Found a deep blue altar of Sif Muna.
  1398 | D:2      | Reached XP level 4. HP: 19/27 MP: 6/6
  1746 | D:2      | Noticed Natasha
  1751 | D:2      | Killed Natasha
  1751 | D:2      | Gained mutation: You can fly continuously. [Tengu growth]
  1751 | D:2      | Reached XP level 5. HP: 28/31 MP: 7/7
  1946 | D:2      | Noticed Natasha
  1953 | D:2      | Killed Natasha
  1991 | D:2      | Reached skill level 5 in Polearms
  2281 | D:2      | Noticed Natasha
  2289 | D:2      | Killed Natasha
  2932 | D:3      | Found a sparkling altar of Nemelex Xobeh.
  3152 | D:3      | Reached skill level 1 in Maces & Flails
  3190 | D:3      | Noticed Robin
  3197 | D:3      | Killed Robin
  3197 | D:3      | Reached XP level 6. HP: 36/37 MP: 8/8
  3231 | D:3      | Found a sacrificial altar of Ru.
  3289 | D:3      | Became a worshipper of Ru the Awakened
  3400 | D:3      | Found a hazy altar of Hepliaklqana.
  3481 | D:3      | Found a stormy altar of Qazlal.
  3599 | D:4      | Reached skill level 2 in Maces & Flails
  3611 | D:4      | Reached skill level 3 in Maces & Flails
  3795 | D:4      | Noticed a hungry ghost
  3805 | D:4      | Killed a hungry ghost
  3805 | D:4      | Reached skill level 4 in Maces & Flails
  3805 | D:4      | Reached XP level 7. HP: 32/41 MP: 9/9
  3894 | D:4      | Noticed a wyvern
  3899 | D:4      | HP: 16/41 [wyvern (8)]
  3900 | D:4      | HP: 7/41 [wyvern (9)]
  3901 | D:4      | HP: 3/41 [wyvern (4)]
  3902 | D:4      | Killed a wyvern
  3902 | D:4      | Reached skill level 5 in Maces & Flails
  4213 | D:4      | Reached skill level 6 in Maces & Flails
  4429 | D:4      | Found a staircase to the Ecumenical Temple.
  4845 | D:5      | Entered Level 5 of the Dungeon
  4880 | D:5      | Reached XP level 8. HP: 48/48 MP: 10/10
  4992 | D:5      | Reached skill level 7 in Maces & Flails
  5009 | D:5      | HP: 22/48 [orc/+0 dagger (5)]
  5237 | D:5      | HP: 18/48 [killer bee (8)]
  5245 | D:5      | HP: 16/48 [poisoned by a killer bee]
  5582 | D:5      | Found a hazy altar of Hepliaklqana.
  5602 | D:5      | Gained mutation: You cannot study or cast Ice magic. [Ru
                  | sacrifice]
  5602 | D:5      | Gained mutation: You cannot study or cast Necromancy magic.
                  | [Ru sacrifice]
  5602 | D:5      | Gained mutation: You cannot study or cast Conjurations
                  | magic. [Ru sacrifice]
  5602 | D:5      | Reached * piety under Ru
  5715 | D:5      | HP: 4/48 [cloud of flame (21)]
  6253 | D:6      | Reached skill level 8 in Maces & Flails
  6331 | D:6      | HP: 22/48 [orc priest/divine providence (12)]
  6435 | D:7      | Noticed Menkaure
  6437 | D:7      | HP: 20/48 [??? (17)]
  6449 | D:7      | Killed Menkaure
  6683 | D:7      | Found a bloodstained altar of Trog.
  6734 | D:7      | Reached skill level 5 in Fighting
  6734 | D:7      | Reached XP level 9. HP: 54/54 MP: 11/11
  6794 | D:7      | Found a radiant altar of Vehumet.
  6857 | D:6      | HP: 27/54 [orc warrior/+0 hand axe (16)]
  7080 | D:6      | Reached skill level 9 in Maces & Flails
  7179 | D:6      | You are sucked into a shaft for 3 floors!
  7179 | D:9      | Found an ornate altar of the Wu Jian Council.
  7180 | D:9      | Noticed a spiny frog
  7182 | D:9      | Noticed a manticore
  7185 | D:9      | HP: 27/54 [orc warrior/+0 dire flail (3)]
  7188 | D:9      | HP: 7/54 [spiny frog (shapeshifter) (16)]
  7193 | D:9      | HP: 16/81 [centaur/arrow (3)]
  7200 | D:9      | HP: 14/81 [centaur/arrow (2)]
  7207 | D:9      | HP: 11/81 [centaur (1)]
  7474 | D:9      | Noticed a cyclops
  7483 | D:9      | Found a hide-covered altar of Uskayaw.
  7486 | D:9      | Noticed a +0 hand axe
  7486 | D:9      | Noticed a +0 dagger
  7570 | D:7      | Reached skill level 5 in Dodging
  7612 | D:6      | HP: 17/54 [orc warrior/+0 long sword (15)]
  7616 | D:6      | HP: 8/54 [orc warrior/+0 long sword (10)]
  8083 | D:6      | HP: 26/55 [orc wizard/+0 dagger (4)]
  8295 | D:7      | Gained mutation: You are hated by all. [Ru sacrifice]
  8295 | D:7      | Reached ** piety under Ru
  8383 | D:7      | Found a shadowy altar of Dithmenos.
  8443 | D:7      | Found a glowing silver altar of Zin.
  8781 | D:8      | Noticed a two-headed ogre
  8796 | D:7      | Killed a two-headed ogre
  8896 | D:8      | Reached skill level 10 in Maces & Flails
  9076 | D:8      | Found a snail-covered altar of Cheibriados.
  9078 | D:8      | Found a white marble altar of Elyvilon.
  9390 | D:9      | Found an opulent altar of Gozag.
  9404 | D:9      | Noticed Erica
  9420 | D:9      | Killed Erica
  9420 | D:9      | Reached XP level 10. HP: 45/61 MP: 12/12
  9590 | D:9      | Found a staircase to the Orcish Mines.
  9778 | D:8      | HP: 22/61 [orc warrior/+0 halberd (12)]
  9785 | D:8      | HP: 8/61 [orc warrior/+0 halberd (15)]
  9788 | D:8      | Reached skill level 11 in Maces & Flails
 10246 | D:9      | Found a roughly hewn altar of Beogh.
 10747 | D:9      | Found Ybba Rei's Jewellery Shoppe.
 10748 | D:9      | Found Utanlacom's Assorted Antiques.
 10753 | D:9      | Bought an uncursed ring of protection from magic for 275
                  | gold pieces
 10791 | D:9      | Noticed a faun
 10791 | D:9      | a snapping turtle changed into a faun
 10794 | D:9      | Noticed a cyclops
 10794 | D:9      | a faun changed into a cyclops
 10801 | D:9      | Killed a cyclops
 10860 | D:9      | HP: 30/62 [acid (3)]
 11051 | D:9      | HP: 20/62 [cyclops (17)]
 11052 | D:9      | Killed a cyclops
 11052 | D:9      | Reached skill level 12 in Maces & Flails
 11475 | D:9      | HP: 29/63 [manticore/volley of spikes (14)]
 11476 | D:9      | HP: 8/63 [manticore/volley of spikes (21)]
 11477 | D:9      | Killed a manticore
 11477 | D:9      | Reached XP level 11. HP: 8/67 MP: 13/13
 11493 | D:9      | Identified the Collected Works on Assistive Flames
 12003 | D:9      | Noticed Erolcha
 12017 | D:9      | Killed Erolcha
 12269 | D:9      | Found Aratier's Gadget Emporium.
 12323 | D:9      | Bought an encrusted battleaxe for 287 gold pieces
 12323 | D:9      | Bought a brown potion for 22 gold pieces
 12323 | D:9      | Identified the +5 battleaxe "Lumyf" {chop, rF+ SInv} (You
                  | bought it in a shop on level 9 of the Dungeon)
 12358 | D:9      | Reached skill level 1 in Axes
 12649 | D:10     | Entered Level 10 of the Dungeon
 12663 | D:10     | Gained mutation: You are somewhat unskilled. (-1 Apt) [Ru
                  | sacrifice]
 12663 | D:10     | Reduced skill Maces & Flails to level 11
 12663 | D:10     | Reduced skill Stealth to level 1
 12663 | D:10     | Reached *** piety under Ru
 12663 | D:10     | Reached **** piety under Ru
 12671 | D:10     | Noticed Urug
 12674 | D:10     | HP: 29/66 [Urug/javelin (22)]
 12680 | D:9      | HP: 29/66 [poisoned by a scorpion]
 12687 | D:9      | HP: 28/66 [poisoned by a scorpion]
 12879 | D:9      | HP: 31/66 [Urug/+3 long sword of holy wrath (17)]
 12882 | D:9      | HP: 10/66 [Urug/+3 long sword of holy wrath (20)]
 12884 | D:9      | Killed Urug
 13244 | D:10     | Found a burning altar of Makhleb.
 13349 | D:10     | Noticed a two-headed ogre
 13355 | D:10     | HP: 31/66 [two-headed ogre/+0 giant spiked club (32)]
 13361 | D:10     | HP: 19/66 [poisoned by a killer bee]
 13365 | D:10     | HP: 9/66 [killer bee (2)]
 13370 | D:10     | HP: 3/66 [killer bee (5)]
 13637 | D:9      | Reached skill level 5 in Axes
 13768 | D:9      | HP: 28/67 [yak (9)]
 14036 | D:9      | Found Aratier's Gadget Emporium.
 14043 | D:9      | Found Utanlacom's Assorted Antiques.
 14044 | D:9      | Found Ybba Rei's Jewellery Shoppe.
 14190 | D:9      | HP: 24/67 [two-headed ogre/+0 giant spiked club (21)]
 14445 | D:9      | Found an ornate altar of the Wu Jian Council.
 14527 | D:9      | Found an opulent altar of Gozag.
 14564 | D:9      | Found a roughly hewn altar of Beogh.
 14564 | D:9      | Found a staircase to the Orcish Mines.
 14564 | D:9      | Found a hide-covered altar of Uskayaw.
 14588 | D:9      | Found Ybba Rei's Jewellery Shoppe.
 14595 | D:9      | Found Utanlacom's Assorted Antiques.
 14609 | D:9      | Found Aratier's Gadget Emporium.
 14943 | D:9      | Found a hide-covered altar of Uskayaw.
 14951 | D:9      | Found a roughly hewn altar of Beogh.
 14951 | D:9      | Found a staircase to the Orcish Mines.
 14976 | D:9      | Found an opulent altar of Gozag.
 14990 | D:9      | HP: 29/67 [two-headed ogre/+0 giant spiked club (8)]
 14996 | D:9      | HP: 14/67 [two-headed ogre/+0 giant spiked club (9)]
 14997 | D:9      | Killed a two-headed ogre
 15461 | D:10     | Noticed a deep elf mage
 15467 | D:10     | Killed a deep elf mage
 15499 | D:10     | Noticed a deep elf mage
 15506 | D:10     | Killed a deep elf mage
 15636 | D:10     | Found a staircase to the Lair.
 15672 | D:10     | HP: 24/68 [yak (15)]
 15678 | D:10     | Reached XP level 12. HP: 27/73 MP: 14/14
 16011 | D:10     | HP: 25/74 [yak (16)]
 16029 | D:10     | HP: 25/75 [centaur skeleton (3)]
 16673 | Lair:1   | Entered Level 1 of the Lair of Beasts
 16894 | Lair:1   | Found a transporter.
 16896 | Lair:1   | Found a transporter.
 16899 | Lair:1   | Noticed Rhok's ghost (journeyman MiAs)
 16927 | Lair:1   | HP: 35/75 [yak (11)]
 16935 | Lair:1   | HP: 31/75 [yak (4)]
 16946 | Lair:1   | HP: 25/75 [yak (8)]
 17285 | Lair:1   | HP: 36/75 [spiny frog (19)]
 17728 | Lair:1   | Gained mutation: Potions are less effective at restoring
                  | your health. [Ru sacrifice]
 17728 | Lair:1   | Reached ***** piety under Ru
 18171 | Lair:1   | Reached skill level 12 in Maces & Flails
 18476 | Lair:2   | HP: 29/75 [yak (12)]
 18520 | Lair:1   | HP: 35/76 [yak (1)]
 18672 | Lair:2   | HP: 36/76 [wolf (7)]
 18695 | Lair:2   | HP: 24/76 [wolf (9)]
 18724 | Lair:2   | HP: 26/76 [wolf (3)]
 18732 | Lair:2   | HP: 26/76 [wolf (1)]
 19393 | Lair:2   | Reached XP level 13. HP: 62/80 MP: 15/15
 20040 | Lair:3   | HP: 35/80 [komodo dragon (9)]
 20091 | Lair:3   | Found a staircase to the Shoals.
 20284 | Lair:3   | Reached skill level 13 in Maces & Flails
 20293 | Lair:3   | Reached skill level 10 in Dodging
 20305 | Lair:2   | HP: 39/80 [eight-headed hydra (3)]
 20306 | Lair:2   | HP: 17/80 [eight-headed hydra (15)]
 20307 | Lair:2   | HP: 7/80 [eight-headed hydra (10)]
 20648 | Lair:3   | Gained mutation: You are somewhat inexperienced. (-2 XL)
                  | [Ru sacrifice]
 20648 | Lair:3   | Reached XP level 12. HP: 76/76 MP: 14/14
 20648 | Lair:3   | Reached XP level 11. HP: 71/71 MP: 13/13
 20648 | Lair:3   | Reached ****** piety under Ru
 20655 | Lair:3   | Fell from the grace of Ru
 20845 | Temple   | Entered the Ecumenical Temple
 20881 | Temple   | Became a worshipper of Warmaster Okawaru
 21095 | Lair:3   | Noticed Snorg
 21531 | D:11     | Reached skill level 1 in Evocations
 21533 | D:11     | Reached skill level 1 in Invocations
 21538 | D:11     | HP: 35/71 [yak (1)]
 21733 | D:11     | Reached * piety under Okawaru
 21985 | D:11     | Killed an unseen horror
 21985 | D:11     | Reached ** piety under Okawaru
 21989 | D:11     | Noticed a cyclops
 22136 | D:11     | Killed a cyclops
 22382 | D:11     | Found a shadowy altar of Dithmenos.
 22398 | D:11     | HP: 34/71 [centaur/cursed -1 shortbow (4)]
 22761 | D:12     | Noticed a two-headed ogre
 22761 | D:12     | Noticed a manticore
 22777 | D:11     | HP: 31/71 [barbs]
 23002 | D:11     | Killed a manticore
 23002 | D:11     | Reached *** piety under Okawaru
 23122 | D:12     | Noticed a cyclops
 23295 | D:12     | Killed a cyclops
 23345 | D:12     | Reached **** piety under Okawaru
 23370 | D:12     | Noticed a two-headed ogre
 23370 | D:12     | Noticed a death knight
 23372 | D:12     | HP: 34/71 [??? (32)]
 23400 | D:11     | Killed a two-headed ogre
 23627 | D:12     | HP: 29/71 [death knight/+0 battleaxe (20)]
 23630 | D:12     | Killed a death knight
 23630 | D:12     | Reached XP level 12. HP: 32/76 MP: 10/16
 23638 | D:12     | Killed a two-headed ogre
 23638 | D:12     | Reached skill level 5 in Invocations
 23990 | D:12     | HP: 23/76 [deep elf mage/bolt of cold (33)]
 23994 | D:12     | Killed from afar by a deep elf mage

Skill      XL: |  1  2  3  4  5  6  7  8  9 10 11 12 13 |
---------------+----------------------------------------+-----
Polearms       | 3 4 5 4 |  4.9
Fighting       | 2 3 5 6 7 8 9 |  9.6
Maces & Flails | 1 4 6 8 10 12 11 12 13 | 13.0
Dodging        | 2 4 6 7 8 9 10 | 10.0
Axes           | 7 8 |  8.9
Stealth        | 1 |  1.7
Shields        | 0 |  0.8
Spellcasting   | 0 |  0.8
Evocations     | 2 |  2.2
Invocations    | 4 5 |  5.2
Summonings     | |  1.1
Air Magic      | |  1.2

Action                   |  1- 3 |  4- 6 |  7- 9 | 10-12 | 13-15 || total
-------------------------+-------+-------+-------+-------+-------++-------
Melee: Spear             |    89 |   121 |       |       |       ||   210
       Kick              |     6 |    47 |    88 |   322 |    32 ||   495
       Peck              |     4 |    29 |    42 |   197 |    20 ||   292
       Flail             |       |    67 |   321 |   780 |    93 ||  1261
       Battleaxe         |       |       |       |   199 |       ||   199
Invok: Sacrifice Arcana  |       |       |     1 |       |       ||     1
       Sacrifice Love    |       |       |     1 |       |       ||     1
       Heroism           |       |       |       |     4 |       ||     4
       Power Leap        |       |       |       |     4 |       ||     4
       Sacrifice Experie |       |       |       |     1 |       ||     1
       Sacrifice Skill   |       |       |       |     1 |       ||     1
       Renounce Religion |       |       |       |     1 |       ||     1
       Sacrifice Purity  |       |       |       |     1 |       ||     1
 Abil: Fly               |       |     1 |       |       |       ||     1
Evoke: Wand              |       |       |       |     9 |       ||     9
  Use: Scroll            |       |     9 |    13 |     7 |       ||    29
       Potion            |       |       |     3 |     1 |       ||     4
 Stab: Sleeping          |     3 |     1 |     3 |     9 |     1 ||    17
       Invisible         |       |       |       |     8 |       ||     8
       Distracted        |       |       |       |     4 |     1 ||     5
  Eat: Chunk             |     1 |     8 |    15 |    36 |     3 ||    63
       Ration            |       |       |     1 |     2 |       ||     3
Armor: Leather armour    |    10 |    44 |    79 |   130 |    27 ||   290
       Skin              |       |       |    23 |       |       ||    23
       Acid dragon scale |       |       |       |    54 |       ||    54
Dodge: Dodged            |    24 |    81 |   218 |   779 |    48 ||  1150
Block: Shield            |       |       |       |   130 |    25 ||   155

Levels and vault maps discovered:
D:1:      minmay_arrival_checkered_box, layout_loops_ring, st_stairs_5,
          tso_altar
D:2:      layout_loops_corners, led_sif_pool, nicolae_overflow_hidden_temple,
          uniq_natasha
D:3:      layout_loops_ring, nicolae_overflow_quartered_altars, uniq_robin
D:4:      layout_loops_ring, minmay_temple_entry_drinking_statues, first_ration
D:5:      layout_basic, basic_altar
D:6:      layout_rooms, portal_sewer_entry_b
D:7:      layout_basic, lemuel_crystal_altar, old_standard_altar, basic_altar,
          grunt_dithmenos_smoke_and_mirrors, uniq_menkaure
D:8:      layout_cave_pools, chequers_temple_overflow_statue_of_worship
D:9:      hangedman_cross_cluster, layout_loops_ring, old_standard_altar,
          dancing_weapons_uskayaw, david_orc_5, serial_shops,
          nicolae_shop_behind_doors, shop, shop, hangedman_decor_diamond_cutter,
          grunt_livestock, nrook_mini_vaults, uniq_erica, uniq_erolcha
D:10:     layout_small_grid, minmay_lair_entry_grove, basic_altar,
          hangedman_minor_magic, uniq_urug
D:11:     layout_irregular_city, lemuel_centaur_altar
D:12:     layout_rooms
Temple:   eino_temple_lava
Lair:1:   layout_hall_layers, gammafunk_ghost_hive, serial_bayou_pond_d,
          lemuel_fruit_fields
Lair:2:   layout_regular_city, serial_bayou_crossing
Lair:3:   layout_layer_cave, shoals_dummy_entry,
          nicolae_spider_entry_non_spiders, infiniplex_staircase_pool,
          uniq_snorg
